 Dungeon Crawl Stone Soup version 0.26.1-11-gd32895ea62 (webtiles) character file.

Game seed: 519615767332991949

52 kodamatunes15 the Ruffian (level 3, 0/29 HPs)
             Began as a Ghoul Gladiator on May 26, 2021.
             Slain by a gnoll
             ... wielding a +0 halberd
              (2 damage)
             ... on level 2 of the Dungeon.
             The game lasted 00:03:24 (1061 turns).

kodamatunes15 the Ruffian (Ghoul Gladiator)         Turns: 1061, Time: 00:03:25

Health: 0/29       AC:  6    Str: 17    XL:     3   Next: 85%
Magic:  2/2        EV: 11    Int:  4    God:
Gold:   58         SH:  0    Dex: 10    Spells: 2/2 levels left

rFire    . . .     SeeInvis .     - Unarmed
rCold    + . .     Faith    .   (no shield)
rNeg     + + +     Spirit   .   l - +0 ring mail
rPois    ∞         Reflect  .   b - +0 helmet
rElec    .         Harm     .   (no cloak)
rCorr    .         Rampage  .   (no gloves)
Will     .....                  (no boots)
Stlth    ..........             (no amulet)
HPRegen  0.00/turn              (no ring)
MPRegen  0.08/turn              (no ring)

@: no status effects
A: claws 1, cold resistance 1, negative energy resistance 3, inhibited
regeneration, torment resistance, unbreathing
a: no special abilities


You were on level 2 of the Dungeon.
You visited 1 branch of the dungeon, and saw 2 of its levels.

You collected 58 gold pieces.

Inventory:

Hand Weapons
 k - a +0 short sword
Missiles
 c - 3 throwing nets (quivered)
Armour
 b - a +0 helmet (worn)
 l - a +0 ring mail (worn)
Jewellery
 i - an uncursed ring of stealth {unknown}
 j - an uncursed ring of willpower {unknown}
Wands
 m - a wand of digging (6)
Scrolls
 a - a scroll of enchant weapon {unknown}
 d - 2 scrolls of enchant armour {unknown}
 f - a scroll of noise {unknown}
 h - a scroll of identify {unknown}
Potions
 e - a potion of mutation {unknown}
 g - a potion of might {unknown}


   Skills:
 + Level 2.3 Fighting
 + Level 1.8 Throwing
 + Level 1.0 Armour
 + Level 3.0 Dodging
 + Level 4.4 Unarmed Combat


You had 2 spell levels left.
You didn't know any spells.
Your spell library was empty.

Dungeon Overview and Level Annotations

Branches:
Dungeon (2/15)

Altars:


Innate Abilities, Weirdness & Mutations

You thrive by killing the living.
You are immune to poison.
You have sharp fingernails.
Your flesh is cold resistant. (rC+)
You are immune to negative energy. (rN+++)
You do not regenerate when monsters are visible.
You are immune to unholy pain and torment.
You can survive without breathing.


Message History

The gnoll is almost dead.
The gnoll misses you.
You scratch the gnoll.
You kill the gnoll!
The gnoll barely misses you.
Your Armour skill increases to level 1!
The gnoll closely misses you.
Things that are here:
a +0 flail; a gnoll corpse Your ring mail prevents you from hitting the gnoll.
The gnoll barely misses you.
You scratch the gnoll.
The gnoll is moderately wounded.
The gnoll closely misses you.
You barely miss the gnoll.
The gnoll is moderately wounded.
You scratch the gnoll.
The gnoll is severely wounded.
The gnoll hits you with a +0 halberd.
You die...

#.?....#
#......#
#......#
.....### ......#
#....#
######.g..######
.......@).......
...........####.
######.....##
#......#
#....#.# .##
....####.# ..
###. #.# #.# #.
#.###.########
#.
#.............


You could see a gnoll.

Vanquished Creatures
  2 gnolls (D:2)
  A dart slug (D:1)
  A ball python (D:2)
  6 bats (D:1)
  2 giant cockroaches
  4 hobgoblins (D:1)
  6 kobolds (D:1)
  A frilled lizard (D:1)
  2 goblins (D:1)
  6 rats (D:1)
31 creatures vanquished.

Vanquished Creatures (others)
  5 plants (D:1)
5 creatures vanquished.

Grand Total: 36 creatures vanquished

Notes
Turn   | Place    | Note
-------+----------+-------------------------------------------
     0 | D:1      | kodamatunes15 the Ghoul Gladiator began the quest for the
                  | Orb.
     0 | D:1      | Reached XP level 1. HP: 17/17 MP: 0/0
   298 | D:1      | Reached XP level 2. HP: 24/24 MP: 1/1
   545 | D:1      | Reached skill level 4 in Unarmed Combat
   577 | D:1      | Reached XP level 3. HP: 26/29 MP: 2/2
  1057 | D:2      | Reached skill level 1 in Armour
  1061 | D:2      | Slain by a gnoll

Illustrated notes

Levels and vault maps discovered:
D:1:      heliophobic_arrival_henge, layout_basic, serial_bayou,
          serial_bayou_shore_b, serial_bayou_lake_a, serial_bayou_shore_b,
          serial_bayou_crossing, minmay_unequal
D:2:      layout_basic

Skill      XL: |  1  2  3 |
---------------+----------+-----
Unarmed Combat | 4 |  4.4
Dodging        | 3 |  3.0
Armour         | 1 |  1.0
Fighting       | |  2.3
Throwing       | |  1.8

Action                   || total
-------------------------++-------
Melee: Unarmed           ||    95
       Punch             ||     2
Armor: Leather armour    ||    21
       Ring mail         ||     1
Dodge: Dodged            ||    75
